 Dungeon Crawl Stone Soup version 0.23.2-40-g277498a001 (webtiles) character file.

Game seed: 0

576532 glosham the Axe Maniac (level 27, 273/273 HPs)
             Began as a Hill Orc Conjurer on Mar 12, 2019.
             Was the Champion of Makhleb.
             Quit the game on level 15 of the Dungeon on Nov 20, 2019.
             The game lasted 17:59:00 (48587 turns).

glosham the Axe Maniac (Hill Orc Conjurer)         Turns: 48587, Time: 17:59:01

Health: 273/273    AC: 37    Str: 24    XL:     27
Magic:  47/47      EV: 18    Int: 18    God:    Makhleb [******]
Gold:   1475       SH:  0    Dex: 17    Spells: 3/38 levels left

rFire    + + .     SeeInvis +   a - +8 frozen axe "Frostbite" {freezing cloud, *Noise +Fly rC+}
rCold    + . .     Gourm    .   (shield currently unavailable)
rNeg     . . .     Faith    .   X - +8 fire dragon scales {Xtahua}
rPois    .         Spirit   +   U - +3 helmet of Gallantry {+Fly rC+ SInv}
rElec    +         Reflect  .   Y - +2 cloak of Tomorrow {rElec rCorr MP+9}
rCorr    +         Harm     .   V - +2 pair of gloves
MR       ++++.                  W - +2 pair of boots {run}
Stlth    ..........             z - amulet of guardian spirit
HPRegen  0.55/turn              A - +6 ring of dexterity
MPRegen  0.30/turn              B - ring of the Mage {Wiz MR++ Int+3}

@: deflect missiles, quick
A: no striking features
}: 3/15 runes: decaying, serpentine, silver
a: Minor Destruction, Lesser Servant of Makhleb, Major Destruction, Greater
Servant of Makhleb, Renounce Religion, Evoke Flight


You were on level 15 of the Dungeon.
You worshipped Makhleb.
Makhleb was exalted by your worship.
You were not hungry.

You visited 8 branches of the dungeon, and saw 44 of its levels.
You also visited: Bailey, Ice Cave, Volcano, Wizlab and Desolation.

You collected 7379 gold pieces.
You spent 5904 gold pieces at shops.

Inventory:

Hand Weapons
 a - the +8 frozen axe "Frostbite" (weapon) {freezing cloud, *Noise +Fly rC+}
   (You acquired it on level 4 of the Snake Pit)

   It has been specially enchanted to freeze those struck by it, causing extra
   injury to most foes and up to half again as much damage against particularly
   susceptible opponents.
   It can also slow down cold-blooded creatures.
   It protects you from cold.
   It lets you fly.
   It may make noises in combat.
 b - a +9 battleaxe of flaming
 c - a +8 antimagic battleaxe
 d - the +8 demon trident "Rift" {distort, reach+}
   (You took it off a deep elf elementalist on level 4 of the Depths)

   It warps and distorts space around it.
   Unwielding it can cause banishment or high damage.
Armour
 U - the +3 helmet of Gallantry (worn) {+Fly rC+ SInv}
   (You found it on level 15 of the Dungeon)

   It protects you from cold.
   It lets you see invisible.
   It lets you fly.
 V - a +2 pair of gloves (worn)
 W - a +2 pair of boots of running (worn)
 X - +8 fire dragon scales (worn) {Xtahua}
 Y - the +2 cloak of Tomorrow (worn) {rElec rCorr MP+9}
   (You found it on level 1 of the Swamp)

   It insulates you from electricity.
   It affects your magic capacity (+9).
   It provides partial protection from all sources of acid and corrosion.
Jewellery
 z - an amulet of guardian spirit (around neck)
 A - a +6 ring of dexterity (left hand)
 B - the ring of the Mage (right hand) {Wiz MR++ Int+3}
   (You bought it in a shop on level 2 of the Snake Pit)

   [ring of wizardry]

   It improves your spell success rate.
   It affects your intelligence (+3).
   It affects your resistance to hostile enchantments.
 C - the ring of Ybbuw {rCorr rC+ rN+}
   (You took it off a deep elf mage on level 5 of the Vaults)

   [ring of resist corrosion]

   It protects you from cold.
   It protects you from negative energy.
 I - the ring "Jojootoh" {+Inv rElec EV+2 Stlth+}
   (You bought it in a shop on level 2 of the Snake Pit)

   [ring of evasion]

   It affects your evasion (+2).
   It insulates you from electricity.
   It lets you turn invisible.
   It makes you more stealthy.
 P - an uncursed ring of poison resistance
Wands
 f - a wand of iceblast (9)
 g - a wand of digging (10)
 h - a wand of polymorph (26)
 i - a wand of paralysis (35)
 j - a wand of acid (12)
 O - a wand of flame (23)
 R - a wand of disintegration (6)
 S - a wand of clouds (5)
Scrolls
 k - 18 scrolls of teleportation
 l - 6 scrolls of blinking
 m - 2 scrolls of fog
 n - 4 scrolls of fear
 o - 7 scrolls of remove curse
 p - 13 scrolls of identify
Potions
 q - 4 potions of ambrosia
 r - 20 potions of curing
 s - 4 potions of heal wounds
 t - 4 potions of magic
 u - 4 potions of resistance
 v - 12 potions of haste
 w - 7 potions of brilliance
 x - 3 potions of agility
 y - 4 potions of might
 D - 11 potions of cancellation
 E - 8 potions of lignification
Miscellaneous
 F - a phial of floods
 G - 2 boxes of beasts
 H - 3 phantom mirrors
 J - a fan of gales
 Q - a sack of spiders
 Z - a lightning rod (4/4)
Comestibles
 e - 73 rations


   Skills:
 O Level 27 Fighting
 O Level 27 Axes
 - Level 16.4 Armour
 - Level 12.1 Dodging
 - Level 1.5 Stealth
 + Level 6.0 Spellcasting
 - Level 4.0 Conjurations
 - Level 13.3 Charms
 * Level 0.0 Summonings
 - Level 5.0 Necromancy
 - Level 11.6 Translocations
 - Level 1.0 Transmutations
 - Level 6.0 Air Magic
 - Level 3.0 Earth Magic
 - Level 23.5 Invocations
 - Level 5.0 Evocations


You had 3 spell levels left.
You knew the following spells:

 Your Spells              Type           Power        Failure   Level  Hunger
a - Apportation           Tloc           #####.       1%          1    None
b - Blink                 Tloc           N/A          1%          2    None
d - Deflect Missiles      Chrm/Air       #####.....   26%         6    #######
f - Force Lance           Conj/Tloc      ####....     4%          4    ####...
g - Passage of Golubria   Tloc           N/A          1%          4    ####...
j - Aura of Abjuration    Summ           #.........   92%         5    #####..
l - Song of Slaying       Chrm           ######..     1%          2    None
r - Regeneration          Chrm/Necr      #####.....   1%          3    ##.....
s - Shroud of Golubria    Chrm/Tloc      ######....   1%          2    None
w - Spectral Weapon       Hex/Chrm       ####....     1%          3    ##.....
z - Infusion              Chrm           ####         1%          1    None
P - Passwall              Tmut/Erth      ##......     6%          2    None

Your spell library contained the following spells:

 Spells                   Type           Power        Failure   Level  Hunger
 Magic Dart               Conj           ###.         1%          1    None
 Shock                    Conj/Air       ###.         1%          1    None
 Swiftness                Chrm/Air       #####...     1%          2    None
 Gell's Gravitas          Tloc           #####.....   1%          3    ##.....
 Ozocubu's Armour         Chrm/Ice       ####....     1%          3    ##.....
 Searing Ray              Conj           ###...       2%          2    None
 Recall                   Summ/Tloc      N/A          2%          3    ##.....
 Sting                    Conj/Pois      ##..         4%          1    None
 Poisonous Vapours        Pois/Air       ###...       4%          2    None
 Static Discharge         Conj/Air       ###.....     4%          3    ##.....
 Beastly Appendage        Tmut           #.....       6%          1    None
 Stone Arrow              Conj/Erth      ###...       7%          3    ##.....
 Mephitic Cloud           Conj/Pois/Air  ###.....     8%          3    ##.....
 Confusing Touch          Hex            #.....       10%         1    None
 Freeze                   Ice            #...         10%         1    None
 Summon Butterflies       Summ           #.......     10%         1    None
 Sticks to Snakes         Tmut           #.......     10%         2    None
 Conjure Flame            Conj/Fire      ##......     13%         3    ##.....
 Dazzling Spray           Conj/Hex       ##....       13%         3    ##.....
 Call Imp                 Summ           #.......     16%         2    None
 Ensorcelled Hibernation  Hex/Ice        #.....       16%         2    None
 Slow                     Hex            #.......     16%         2    None
 Spider Form              Tmut/Pois      #.........   24%         3    ##.....
 Ignite Poison            Fire/Tmut/Pois #.......     26%         3    ##.....
 Call Canine Familiar     Summ           #.......     28%         3    ##.....
 Confuse                  Hex            #.......     28%         3    ##.....
 Airstrike                Air            ####......   9%          4    ####...
 Animate Dead             Necr           N/A          12%         4    ####...
 Iskenderun's Mystic Bla  Conj           ###.....     19%         4    ####...
 Summon Forest            Summ/Tloc      ####......   24%         5    #####..
 Summon Lightning Spire   Summ/Air       ###.....     26%         4    ####...
 Lightning Bolt           Conj/Air       ###.......   32%         5    #####..
 Fulminant Prism          Conj/Hex       ##........   38%         4    ####...
 Petrify                  Tmut/Erth      ##......     38%         4    ####...
 Sticky Flame             Conj/Fire      ##......     38%         4    ####...
 Leda's Liquefaction      Hex/Erth       ##........   45%         4    ####...
 Borgnjor's Vile Clutch   Necr/Erth      ###.......   45%         5    #####..
 Ice Form                 Ice/Tmut       #.......     58%         4    ####...
 Lee's Rapid Deconstruct  Erth           ###.......   58%         5    #####..
 Silence                  Hex/Air        ###.......   58%         5    #####..
 Cause Fear               Hex            #.........   65%         4    ####...
 Olgreb's Toxic Radiance  Pois           #.......     65%         4    ####...
 Summon Ice Beast         Ice/Summ       #.......     65%         4    ####...
 Bolt of Magma            Conj/Fire/Erth ##........   67%         5    #####..
 Venom Bolt               Conj/Pois      ##........   71%         5    #####..
 Blade Hands              Tmut           #.........   85%         5    #####..
 Conjure Ball Lightning   Conj/Air       ###.......   86%         6    #######
 Death Channel            Necr           ###.......   86%         6    #######
 Yara's Violent Unravell  Hex/Tmut       #.........   89%         5    #####..
 Metabolic Englaciation   Hex/Ice        #.........   92%         5    #####..
 Summon Demon             Summ           #.........   92%         5    #####..
 Summon Mana Viper        Hex/Summ       #.......     92%         5    #####..
 Freezing Cloud           Conj/Ice/Air   ###.......   97%         6    #######
 Bolt of Cold             Conj/Ice       ##........   99%         6    #######
 Simulacrum               Ice/Necr       ##........   99%         6    #######
 Malign Gateway           Summ/Tloc      ####......   99%         7    #######
 Ring of Flames           Chrm/Fire      ####......   99%         7    #######
 Controlled Blink         Tloc           N/A          99%         8    #######
 Darkness                 Hex            #.........   100%        6    #######
 Invisibility             Hex            #.......     100%        6    #######
 Ozocubu's Refrigeration  Ice            #.........   100%        6    #######
 Shadow Creatures         Summ           N/A          100%        6    #######
 Haunt                    Necr/Summ      ##........   100%        7    #######
 Monstrous Menagerie      Summ           #.........   100%        7    #######
 Summon Greater Demon     Summ           #.........   100%        7    #######
 Summon Hydra             Summ           #.........   100%        7    #######
 Borgnjor's Revivificati  Necr           ###.......   100%        8    #######
 Death's Door             Chrm/Necr      #####.....   100%        8    #######
 Discord                  Hex            #.........   100%        8    #######
 Infestation              Necr           ###.......   100%        8    #######
 Necromutation            Tmut/Necr      ###.......   100%        8    #######
 Summon Horrible Things   Summ           #.........   100%        8    #######
 Dragon's Call            Summ           #.........   100%        9    #######


Dungeon Overview and Level Annotations

Branches:
Dungeon (15/15)            Temple (0/1) D:5            Lair (6/6) D:9
  Swamp (4/4) Lair:4        Snake (4/4) Lair:3        Slime (0/5) Lair:6
    Orc (2/2) D:12            Elf (3/3) Orc:2        Vaults (5/5) D:14
  Crypt (0/3) Vaults:2     Depths (5/5) D:15            Zot (0/5) Depths:5

Altars:
Ashenzari
Cheibriados
Dithmenos
Elyvilon
Gozag
Hepliaklqana
Kikubaaqudgha
Makhleb
Ru
Trog
Vehumet
Zin
The Shining One

Shops:
D:7 !   Orc:2 (*:   Elf:1 [   Snake:1 *}==   Snake:2 =%%*   Snake:4 ?
Vaults:4 *   Vaults:5 %*   Depths:5 (

Portals:
Hell: Lair:6 Depths:1 Depths:2 Depths:4 Depths:5
Abyss: Depths:2 Depths:4
Pandemonium: Depths:5
Ziggurat: Depths:2


Message History

Okay, then.
Okay, then.
Drop what? 50/52 slots (_ for help) (? for menu, Esc to quit)
Okay, then.
Drop what? 50/52 slots (_ for help) (? for menu, Esc to quit)
You drop the ring "Ruwerreg" {MR+ SInv}.
Drop what? 49/52 slots (_ for help) (? for menu, Esc to quit)
You drop a scroll of magic mapping.
Adjust (i)tems, (s)pells, or (a)bilities?
Adjust which item? (? for menu, Esc to quit)
Z - 7 potions of brilliance Adjust to which letter? (? for menu, Esc to quit)
w - 7 potions of brilliance;
Z - a lightning rod (4/4) Adjust (i)tems, (s)pells, or (a)bilities?
Adjust which item? (? for menu, Esc to quit)
Okay, then.
Saving game... please wait.
Welcome back, glosham the Hill Orc Conjurer.
Blood and souls for Makhleb!
Press ? for a list of commands and other information.
Drop what? 48/52 slots (_ for help) (? for menu, Esc to quit)
You drop a potion of flight.
Drop what? 47/52 slots (_ for help) (? for menu, Esc to quit)
Okay, then.
Okay, then.
Drop what? 47/52 slots (_ for help) (? for menu, Esc to quit)
Okay, then.
Saving game... please wait.
Welcome back, glosham the Hill Orc Conjurer.
Blood and souls for Makhleb!
Press ? for a list of commands and other information.
Saving game... please wait.
Welcome back, glosham the Hill Orc Conjurer.
Blood and souls for Makhleb!
Press ? for a list of commands and other information.
Saving game... please wait.
Welcome back, glosham the Hill Orc Conjurer.
Blood and souls for Makhleb!
Press ? for a list of commands and other information.
Are you sure you want to abandon this character and quit the game? (Confirm with "yes".)

...........##........##.##.....##
...###......#...##..##...##.....#
.#####......###.....#.....#......
#####.......##......#.....#......
............)###.#####...##....##
.............#####.####.###..###
...##..)....##.##...###..###..# #
...............##....###...#..###
.....[)........#@......##..#...##
..[.#)[........##....#.##.##.....
..####..........#...##.....#.####
..##..[.........##.###..#.#### ##
.)[##.#.(.(...#.####..#####..###.
...[.)#...#...### ##...###.......
...<......#....####.....###..#..#
......###.#.....##......# #######
...((..#..#.....#.#....##


There were no monsters in sight!

Vanquished Creatures
  Mara (Vaults:3)
  Mennas (Vaults:5)
  2 juggernauts
  Sojobo (Vaults:4)
  The ghost of SlowGraham the Acrobat, a legendary KoMo of Trog (Vaults:4)
  Bai Suzhen (Swamp:3)
  Margery (Vaults:3)
  Xtahua (Vaults:3)
  5 caustic shrikes (Depths:5)
  Vashnia (Snake:3)
  2 golden dragons (Vaults:5)
  Jory (Vaults:4)
  2 bone dragons (Depths:5)
  The ghost of Lianjan the Gnoll Aeon, an adept GnWr of Cheibriados (Vaults:4)
  A Cloud Mage (WizLab)
  The ghost of tamionv the Rapturous, an adept GrFi of Uskayaw (Vaults:4)
  5 tentacled monstrosities
  The ghost of Xekamec the Pyromancer, an adept DEFE of Vehumet (Vaults:4)
  2 deep elf blademasters
  4 liches
  2 deep elf master archers (Elf:3)
  3 titans
  9 sphinxes
  6 tengu reavers
  5 thorn hunters
  Roxanne (Snake:3)
  2 draconian monks (Depths:5)
  Kirke (Swamp:2)
  6 shadow dragons
  Donald (Elf:2)
  8 nagarajas
  8 storm dragons
  3 fire giants
  Louise (Swamp:2)
  15 vault wardens
  A balrug (Depths:5)
  4 imperial myrmidons (Desolation)
  6 deep elf sorcerers
  An orc warlord (Vaults:4)
  Aizul (Snake:1)
  7 deep elf elementalists
  8 frost giants
  3 iron dragons
  The ghost of Luthien the Convoker, a journeyman DEWz of Vehumet (Swamp:1)
  13 ironheart preservers
  A reaper (Depths:1)
  2 spriggan defenders (Depths:4)
  20 stone giants
  The ghost of ThereIsNoGod the Peltast, a journeyman OpFi of Okawaru (D:15)
  The ghost of eskel the Geomancer, a journeyman GrEE of Vehumet (Orc:2)
  4 vampire knights
  29 very ugly things
  6 deep elf demonologists
  A black draconian (Depths:5)
  An entropy weaver (Vaults:2)
  A dire elephant (Lair:6)
  10 deep elf annihilators
  A green draconian (Depths:5)
  2 large abominations
  2 red draconians (Depths:5)
  4 spark wasps
  A white draconian (Depths:5)
  2 yellow draconians (Depths:5)
  A purple draconian (Depths:5)
  4 blizzard demons (WizLab)
  8 deep elf death magi
  4 deep elf high priests
  14 ettins
  11 fire dragons
  Josephine (Snake:1)
  11 ragged hierophants (Desolation)
  35 vault guards
  5 rakshasas
  18 yaktaur captains
  A jiangshi (Vaults:2)
  5 great orbs of eyes
  14 naga warriors
  A green death (Depths:1)
  3 servants of whispers
  6 ice dragons
  11 centaur warriors
  4 peacekeepers (Desolation)
  3 shambling mangroves
  24 hydras
  2 spriggan air magi (WizLab)
  5 ghost crabs
  The ghost of dvd the Cleaver, a novice TrGl of Makhleb (D:9)
  14 ogre magi
  An anaconda (shapeshifter) (Elf:3)
  44 two-headed ogres
  19 dancing weapons
  4 anacondas
  3 death knights
  13 alligators
  2 deep troll shamans
  8 tengu warriors
  A two-headed ogre (shapeshifter) (Vaults:5)
  6 death yaks
  A vampire mage (Depths:2)
  5 deep troll earth magi
  24 naga sharpshooters
  4 orc high priests (Orc:2)
  15 shock serpents
  2 spriggan berserkers
  2 soul eaters
  2 hell knights (Vaults:3)
  24 deep elf knights
  A titan skeleton (Vaults:5)
  Nergalle (D:12)
  Urug (Lair:6)
  A storm dragon zombie (Depths:4)
  2 skeletal warriors (Vaults:4)
  9 spriggans
  A storm dragon skeleton (Depths:4)
  7 unseen horrors
  A sixfirhy (Lair:6)
  A golden dragon zombie (Depths:4)
  2 shadow wraiths
  3 iron trolls
  2 spriggan druids
  19 deep trolls
  2 glowing orange brains
  2 sea snakes (Snake:2)
  The ghost of Frank the Sneak, a novice OpFi of Makhleb (D:7)
  3 flayed ghosts
  2 death drakes (WizLab)
  A spectral hydra (Swamp:1)
  13 deep elf archers
  10 swamp dragons
  5 necromancers
  5 phantasmal warriors
  10 naga ritualists
  4 wizards
  13 mana vipers
  14 ironbrand convokers
  10 harpies
  A mana viper (shapeshifter) (Elf:2)
  2 wolf spider zombies (D:15)
  15 orc knights
  A harpy (shapeshifter) (Vaults:1)
  5 orc sorcerers
  A spectral alligator (Swamp:1)
  An orb spider (shapeshifter) (Elf:1)
  70 ugly things
  A faun (shapeshifter) (Depths:1)
  60 deep elf magi
  2 oklob plants (Lair:6)
  A wolf spider (shapeshifter) (Depths:4)
  A manticore (shapeshifter) (D:15)
  2 human zombies (Vaults:5)
  5 wolf spiders
  2 sphinx skeletons
  A moth of wrath (shapeshifter) (Depths:1)
  12 cyclopes
  2 manticores
  3 elephants (Lair:3)
  A salamander (shapeshifter) (D:14)
  8 guardian serpents
  6 salamanders
  A guardian serpent (shapeshifter) (D:15)
  An eye of devastation (shapeshifter) (Elf:2)
  2 black mambas (shapeshifter)
  A fire giant skeleton (Vaults:2)
  A torpor snail (Lair:4)
  30 naga magi
  A smoke demon (Depths:5)
  A gargoyle (Volcano)
  A torpor snail (shapeshifter) (Depths:5)
  2 apocalypse crabs (WizLab)
  22 black mambas
  2 spiny frogs (shapeshifter)
  A molten gargoyle (Volcano)
  15 vault sentinels
  2 ice statues (IceCv)
  27 spiny frogs
  3 komodo dragons (shapeshifter)
  14 komodo dragons
  A hellion (Depths:2)
  3 rime drakes (shapeshifter)
  13 freezing wraiths
  3 small abominations
  9 rime drakes
  A yaktaur skeleton (Vaults:5)
  A hellwing (Lair:6)
  70 yaktaurs
  A demonic crawler (Depths:1)
  7 kobold demonologists
  A red devil (Depths:2)
  Grinder (D:4)
  5 trolls
  3 ice devils (Lair:6)
  2 tengu conjurers (Depths:2)
  A jumping spider (Vaults:2)
  7 tyrant leeches
  A slime creature (shapeshifter) (Depths:5)
  3 polar bears
  16 hornets
  3 meliai
  2 wind drakes (WizLab)
  A troll (shapeshifter) (Vaults:5)
  A wind drake (shapeshifter) (D:15)
  15 dream sheep
  10 hippogriffs
  A hippogriff (shapeshifter) (Elf:2)
  51 saltlings
  A fire giant simulacrum (Vaults:5)
  8 blink frogs
  2 bog bodies
  55 slime creatures
  A dream sheep (shapeshifter) (Depths:5)
  A spriggan (shapeshifter) (Vaults:5)
  12 air elementals
  3 wyverns
  6 wraiths
  A shadow (Swamp:2)
  9 redbacks
  6 water elementals
  Sigmund (D:2)
  A hog (shapeshifter) (Depths:1)
  12 fire elementals
  4 hogs (Swamp:2)
  25 yaks
  A human (Swamp:2)
  19 vampire mosquitoes
  3 basilisks
  A neqoxec (Depths:5)
  A golden eye (shapeshifter) (Vaults:2)
  2 chaos spawn
  A hungry ghost (D:13)
  15 swamp worms
  59 nagas
  A soldier ant (shapeshifter) (Vaults:4)
  A soldier ant (D:11)
  An acid dragon (D:13)
  A deep troll zombie (Vaults:5)
  3 wargs
  11 water moccasins
  12 insubstantial wisps
  4 hell hounds (Lair:6)
  8 porcupines
  A floating eye (shapeshifter) (Vaults:5)
  A hydra simulacrum (Swamp:1)
  48 orc warriors
  3 black bears
  A hornet zombie (D:15)
  12 swamp drakes
  18 ice beasts
  4 phantoms
  3 sky beasts
  A necrophage (D:14)
  A spectral blink frog (Swamp:1)
  11 boggarts
  34 ogres
  21 centaurs
  6 wolves (Lair:1)
  8 crocodiles
  A tyrant leech simulacrum (Swamp:1)
  A big kobold (shapeshifter) (Vaults:1)
  18 big kobolds
  2 earth elementals
  23 bullfrogs
  2 gnoll sergeants
  A wyvern skeleton (D:8)
  3 spiny frog simulacra (Swamp:1)
  4 scorpions
  6 killer bees (D:10)
  4 electric eels
  22 wights
  7 howler monkeys
  6 crimson imps
  4 centaur zombies
  A quasit (D:13)
  12 hounds
  A human simulacrum (Vaults:2)
  5 jellies
  2 bullfrog skeletons
  21 orc priests
  Crazy Yiuf (D:7)
  A centaur skeleton (D:4)
  Jessica (D:2)
  7 iguanas
  34 orc wizards
  9 worker ants
  A worker ant (shapeshifter) (Depths:5)
  A hell rat (Depths:1)
  A hound zombie (D:8)
  4 hound skeletons
  13 adders
  14 gnolls
  2 shadow imps
  An ooze (D:2)
  An adder skeleton (D:7)
  2 worms
  A leopard gecko (shapeshifter) (Depths:4)
  9 leopard geckos
  74 orcs
  8 giant cockroaches
  22 goblins
  12 hobgoblins
  12 jackals
  59 kobolds
  3 quokkas
  A ball python (D:3)
  7 bats
  6 frilled lizards
  A giant cockroach zombie (D:5)
  A jackal skeleton (D:4)
  A leopard gecko skeleton (D:7)
  A leopard gecko zombie (D:9)
  A quokka skeleton (D:7)
  6 rats
  11 briar patches
  2 crawling corpses (Elf:3)
  A fire vortex (Depths:4)
  4 fungi
  6 plants
2288 creatures vanquished.

Vanquished Creatures (collateral kills)
  A two-headed ogre (D:11)
  3 dancing weapons (Elf:2)
  3 naga sharpshooters (Snake:3)
7 creatures vanquished.

Vanquished Creatures (others)
  A deep elf sorcerer (Elf:3)
  A spark wasp (WizLab)
  A necromancer (Vaults:5)
  A wizard (D:11)
  An apocalypse crab (WizLab)
  A red devil (Depths:2)
  A tyrant leech (Swamp:4)
  A dream sheep (Lair:6)
  2 humans (Swamp:2)
  A hell hound (Lair:6)
  A worker ant (D:11)
  An orc (D:11)
  5 fungi
  12 plants
  2 withered plants (Vaults:4)
32 creatures vanquished.

Grand Total: 2327 creatures vanquished

Notes
Turn   | Place    | Note
-------+----------+-------------------------------------------
     0 | D:1      | glosham the Hill Orc Conjurer began the quest for the Orb.
     0 | D:1      | Reached XP level 1. HP: 14/14 MP: 3/3
    28 | D:1      | Reached skill level 1 in Fighting
   160 | D:1      | Reached skill level 2 in Fighting
   160 | D:1      | Reached XP level 2. HP: 24/24 MP: 2/4
   227 | D:1      | Learned a level 2 spell: Searing Ray
   268 | D:1      | Reached skill level 1 in Axes
   531 | D:1      | Reached skill level 2 in Axes
   589 | D:1      | Reached XP level 3. HP: 29/29 MP: 0/5
   736 | D:2      | Reached skill level 3 in Axes
   853 | D:2      | Reached XP level 4. HP: 33/36 MP: 2/6
   864 | D:2      | Reached skill level 4 in Axes
   871 | D:2      | Noticed Sigmund
   942 | D:2      | Killed Sigmund
   942 | D:2      | Reached skill level 6 in Axes
   942 | D:2      | Reached XP level 5. HP: 26/41 MP: 0/7
  1057 | D:2      | Reached XP level 6. HP: 48/48 MP: 4/8
  1089 | D:2      | Reached skill level 7 in Axes
  1616 | D:2      | Found an opulent altar of Gozag.
  1677 | D:2      | Noticed Jessica
  1686 | D:2      | Killed Jessica
  1790 | D:4      | Reached skill level 8 in Axes
  1867 | D:3      | Reached XP level 7. HP: 15/56 MP: 2/9
  1970 | D:3      | Found a sacrificial altar of Ru.
  1977 | D:3      | Found a shattered altar of Ashenzari.
  1984 | D:3      | Found a burning altar of Makhleb.
  1992 | D:3      | Became a worshipper of Makhleb the Destroyer
  2071 | D:3      | Reached skill level 1 in Armour
  2220 | D:3      | Found an ancient bone altar of Kikubaaqudgha.
  2326 | D:3      | Reached * piety under Makhleb
  2388 | D:4      | Reached skill level 3 in Fighting
  2388 | D:4      | Reached skill level 9 in Axes
  2455 | D:4      | Found a shadowy altar of Dithmenos.
  2753 | D:4      | Reached skill level 4 in Fighting
  2753 | D:4      | Reached skill level 10 in Axes
  2753 | D:4      | Reached XP level 8. HP: 36/66 MP: 3/10
  2847 | D:4      | Noticed Grinder
  2861 | D:4      | Killed Grinder
  2915 | D:4      | Reached skill level 5 in Fighting
  2983 | D:4      | Reached skill level 11 in Axes
  3213 | D:5      | Entered Level 5 of the Dungeon
  3220 | D:5      | Identified the +2 trident of Rammot {elec, +Rage Str+4
                  | Int-3} (You found it on level 5 of the Dungeon)
  3288 | D:5      | Found a staircase to the Ecumenical Temple.
  3352 | D:5      | Found a glowing golden altar of the Shining One.
  3565 | D:5      | Found a radiant altar of Vehumet.
  3583 | D:5      | Reached skill level 6 in Fighting
  3677 | D:5      | Found a bloodstained altar of Trog.
  3759 | D:6      | Reached ** piety under Makhleb
  3844 | D:6      | Learned a level 2 spell: Blink
  3848 | D:6      | Learned a level 3 spell: Conjure Flame
  3883 | D:6      | Found a hazy altar of Hepliaklqana.
  3978 | D:6      | Reached skill level 12 in Axes
  3978 | D:6      | Reached XP level 9. HP: 75/75 MP: 11/11
  4171 | D:6      | Reached skill level 7 in Fighting
  4527 | D:6      | Found a white marble altar of Elyvilon.
  4657 | D:7      | Reached skill level 13 in Axes
  4789 | D:7      | Reached skill level 1 in Translocations
  4822 | D:7      | Found a glowing silver altar of Zin.
  4854 | D:7      | Reached skill level 8 in Fighting
  4899 | D:7      | Found a runed translucent door.
  4899 | D:7      | Noticed Frank's ghost (novice OpFi)
  4988 | D:7      | Killed Frank's ghost
  4988 | D:7      | Reached skill level 14 in Axes
  4988 | D:7      | Reached skill level 3 in Translocations
  4988 | D:7      | Reached XP level 10. HP: 89/89 MP: 12/12
  5048 | D:7      | Reached skill level 4 in Translocations
  5059 | D:7      | Found Eraety's Distillery.
  5266 | D:7      | Found a runed translucent door.
  5267 | D:7      | Noticed Crazy Yiuf
  5274 | D:7      | Killed Crazy Yiuf
  5274 | D:7      | Reached *** piety under Makhleb
  5277 | D:7      | Identified the cursed +1 mace of Battle {crush, SInv} (You
                  | found it on level 7 of the Dungeon)
  5395 | D:7      | Learned a level 2 spell: Shroud of Golubria
  5578 | D:7      | Bought a potion of mutation for 88 gold pieces
  5578 | D:7      | Bought a potion of brilliance for 44 gold pieces
  5578 | D:7      | Bought a potion of cancellation for 88 gold pieces
  5578 | D:7      | Bought a potion of magic for 88 gold pieces
  5578 | D:7      | Bought a potion of curing for 33 gold pieces
  5578 | D:7      | Bought a potion of curing for 33 gold pieces
  5578 | D:7      | Bought a potion of heal wounds for 55 gold pieces
  5578 | D:7      | Bought a potion of agility for 44 gold pieces
  5578 | D:7      | Bought a potion of curing for 33 gold pieces
  6044 | D:8      | Reached skill level 9 in Fighting
  6044 | D:8      | Reached skill level 5 in Translocations
  6139 | D:8      | Reached skill level 2 in Armour
  6297 | D:9      | Found a staircase to the Lair.
  6313 | D:9      | Reached skill level 3 in Armour
  6368 | D:9      | Reached skill level 4 in Armour
  6540 | D:9      | Reached skill level 5 in Armour
  6647 | D:9      | Found a runed translucent door.
  6686 | D:9      | Reached **** piety under Makhleb
  6704 | D:9      | Noticed dvd's ghost (novice TrGl)
  6716 | D:9      | Killed dvd's ghost
  6716 | D:9      | Reached skill level 15 in Axes
  6716 | D:9      | Reached skill level 6 in Armour
  6716 | D:9      | Reached XP level 11. HP: 97/97 MP: 11/13
  6971 | D:9      | Found a snail-covered altar of Cheibriados.
  7061 | D:10     | Entered Level 10 of the Dungeon
  7102 | D:10     | Found a flagged portal.
  7108 | D:10     | Identified the +9 hand axe of Magnificence {drain, rPois
                  | Str-5 Int+4} (You found it on level 10 of the Dungeon)
  7162 | Bailey   | Entered a bailey
  7185 | Bailey   | Noticed an orc knight
  7218 | Bailey   | Killed an orc knight
  7499 | D:10     | Reached skill level 6 in Translocations
  7661 | D:10     | Noticed a three-headed hydra
  7668 | D:10     | Killed a three-headed hydra
  7794 | D:10     | Reached ***** piety under Makhleb
  7851 | D:10     | Killed an unseen horror
  7851 | D:10     | Reached skill level 10 in Fighting
  7851 | D:10     | Reached skill level 16 in Axes
  7851 | D:10     | Reached skill level 7 in Armour
  8034 | D:10     | Reached skill level 7 in Translocations
  8144 | Lair:1   | Entered Level 1 of the Lair of Beasts
  8303 | Lair:1   | Identified the +0 scale mail of the Catfish {rElec Int+2}
                  | (You found it on level 1 of the Lair of Beasts)
  8412 | Lair:1   | Found a dark tunnel.
  8418 | Volcano  | Entered a volcano
  8878 | Lair:1   | Reached XP level 12. HP: 107/107 MP: 14/14
  9014 | Lair:1   | Noticed an eight-headed hydra
  9023 | Lair:1   | Killed an eight-headed hydra
  9023 | Lair:1   | Reached skill level 8 in Armour
  9023 | Lair:1   | Reached skill level 8 in Translocations
  9063 | Lair:1   | Noticed a seven-headed hydra
  9068 | Lair:1   | Killed a seven-headed hydra
  9288 | Lair:2   | Reached skill level 17 in Axes
  9289 | Lair:2   | You fall through a shaft!
  9443 | Lair:3   | Found a frozen archway.
  9450 | Lair:3   | Reached skill level 11 in Fighting
  9469 | IceCv    | Entered an ice cave
  9887 | IceCv    | Noticed an ice dragon
  9911 | IceCv    | Killed an ice dragon
  9911 | IceCv    | Reached skill level 9 in Translocations
  9988 | IceCv    | Noticed an ice dragon
  9995 | IceCv    | Killed an ice dragon
  9995 | IceCv    | Reached skill level 9 in Armour
 10416 | Lair:2   | Reached skill level 18 in Axes
 11082 | Lair:3   | Reached XP level 13. HP: 117/117 MP: 15/15
 11244 | Lair:3   | Reached skill level 12 in Fighting
 11425 | Lair:3   | Reached skill level 10 in Translocations
 11435 | Lair:3   | Found a staircase to the Snake Pit.
 11447 | Lair:3   | Reached ****** piety under Makhleb
 11823 | Lair:4   | Found a staircase to the Swamp.
 12056 | Lair:4   | Reached skill level 19 in Axes
 13326 | Lair:6   | Entered Level 6 of the Lair of Beasts
 13392 | Lair:6   | Reached skill level 11 in Translocations
 13437 | Lair:6   | Reached skill level 13 in Fighting
 13515 | Lair:6   | Identified the +0 scythe of Massacring {elec, rF+ rN+ Int-3
                  | Stlth+} (You found it on level 6 of the Lair of Beasts)
 13607 | Lair:6   | Reached XP level 14. HP: 129/129 MP: 16/16
 13608 | Lair:6   | Noticed Urug
 13756 | Lair:5   | Reached skill level 20 in Axes
 14056 | Lair:6   | Killed Urug
 14159 | Lair:6   | Identified the +5 hunting sling of Beogh {flame, Dex+2}
                  | (You found it on level 6 of the Lair of Beasts)
 14273 | Lair:6   | Found an opulent altar of Gozag.
 14292 | Lair:6   | Reached skill level 2 in Dodging
 14609 | Lair:6   | Noticed a dire elephant
 14644 | Lair:6   | Killed a dire elephant
 14644 | Lair:6   | Reached skill level 14 in Fighting
 14696 | Lair:6   | Found a burning altar of Makhleb.
 14856 | Lair:6   | Reached skill level 3 in Dodging
 14866 | Lair:6   | Found a gateway to Hell.
 15828 | D:11     | Found a bloodstained altar of Trog.
 16032 | D:12     | Found a staircase to the Orcish Mines.
 16327 | D:12     | Noticed Nergalle
 16347 | D:12     | Killed Nergalle
 16347 | D:12     | Reached skill level 10 in Armour
 16660 | Orc:1    | Entered Level 1 of the Orcish Mines
 16789 | Orc:2    | Entered Level 2 of the Orcish Mines
 17195 | Orc:2    | Reached skill level 4 in Dodging
 17402 | Orc:2    | Reached skill level 15 in Fighting
 17407 | Orc:2    | Reached XP level 15. HP: 122/141 MP: 17/17
 17535 | Orc:2    | Found a staircase to the Elven Halls.
 17797 | Orc:2    | Found a large runed translucent door.
 17797 | Orc:2    | Found a large runed translucent door.
 17810 | Orc:2    | Noticed eskel's ghost (journeyman GrEE)
 17850 | Orc:2    | Killed eskel's ghost
 18341 | Orc:2    | Found Elasepsofu's Book Shoppe.
 18341 | Orc:2    | Found Kafiohog's Antique Weapon Shop.
 18343 | Orc:2    | Found Sietunuf's Distillery.
 18343 | Orc:2    | Found Zudyratu's Assorted Antiques.
 18908 | D:13     | Identified the +10 fustibalus "Guthib" {venom, MR+ Str-5
                  | Dex+2 SInv} (You found it on level 13 of the Dungeon)
 18933 | D:13     | Reached skill level 5 in Dodging
 18966 | D:13     | Identified the +4 shortbow "Dragonbane" {venom, Int-5 Dex+5
                  | Stlth+}
 19027 | D:13     | Identified the cursed +0 large shield of Inaction {rF+ MR-
                  | Dex+8} (You found it on level 13 of the Dungeon)
 19036 | D:13     | Identified the +1 longbow of the Undead {venom, rPois rF++
                  | Dex+5} (You found it on level 13 of the Dungeon)
 19328 | D:13     | Reached skill level 16 in Fighting
 19488 | D:13     | Reached skill level 11 in Armour
 19939 | D:14     | Reached skill level 21 in Axes
 19981 | D:14     | Found a gate to the Vaults.
 20385 | D:14     | Reached skill level 6 in Dodging
 20659 | D:15     | Entered Level 15 of the Dungeon
 20668 | D:14     | Reached XP level 16. HP: 115/154 MP: 18/18
 20805 | D:15     | Reached skill level 17 in Fighting
 21253 | D:15     | Found a runed translucent door.
 21253 | D:15     | Identified the +6 trident of Death's Door {pierce, rF+ rN+
                  | MR-}
 21253 | D:15     | Noticed ThereIsNoGod's ghost (journeyman OpFi)
 21271 | D:15     | Killed ThereIsNoGod's ghost
 21282 | D:15     | Identified Sail's Catalogue of Quantum Flames
 21286 | D:15     | Learned a level 1 spell: Apportation
 21288 | D:15     | Identified the +3 helmet of Gallantry {+Fly rC+ SInv} (You
                  | found it on level 15 of the Dungeon)
 21522 | D:15     | Reached skill level 7 in Dodging
 21662 | D:15     | Found a staircase to the Depths.
 22022 | Lair:6   | Found a staircase to the Slime Pits.
 22162 | Snake:1  | Entered Level 1 of the Snake Pit
 22218 | Snake:1  | Reached skill level 18 in Fighting
 22240 | Snake:1  | Found Meimo's General Store.
 22297 | Snake:1  | Found Simumug's Gadget Shop.
 22297 | Snake:1  | Found Gint's Jewellery Emporium.
 22298 | Snake:1  | Found Idghinoeg's Jewellery Emporium.
 22315 | Snake:1  | Bought a wand of polymorph (7) for 162 gold pieces
 22315 | Snake:1  | Bought a wand of digging (4) for 288 gold pieces
 22317 | Snake:1  | Bought a +6 ring of dexterity for 1053 gold pieces
 22317 | Snake:1  | Bought an uncursed amulet of guardian spirit for 540 gold
                  | pieces
 22381 | Snake:1  | Reached skill level 1 in Invocations
 22441 | Snake:1  | Reached skill level 2 in Invocations
 22464 | Snake:1  | Reached skill level 3 in Invocations
 22531 | Snake:1  | Reached skill level 4 in Invocations
 22625 | Snake:1  | Learned a level 4 spell: Passage of Golubria
 22628 | Snake:1  | Learned a level 2 spell: Passwall
 22657 | Snake:1  | Reached skill level 5 in Invocations
 22660 | Snake:1  | Noticed Josephine
 22670 | Snake:1  | Killed Josephine
 22927 | Snake:1  | Reached skill level 6 in Invocations
 23000 | Snake:1  | Noticed Aizul
 23033 | Snake:1  | Killed Aizul
 23033 | Snake:1  | Reached skill level 7 in Invocations
 23395 | Snake:2  | Reached skill level 8 in Invocations
 23469 | Snake:2  | Reached skill level 9 in Invocations
 23474 | Snake:2  | Reached XP level 17. HP: 149/163 MP: 13/23
 23786 | Snake:2  | Found Atuph's Food Emporium.
 23786 | Snake:2  | Found Giarhog's Food Shoppe.
 23787 | Snake:2  | Found Sijaow's Assorted Antiques.
 23789 | Snake:2  | Found Hirphous's Jewellery Shoppe.
 23800 | Snake:2  | Reached skill level 10 in Invocations
 24061 | Snake:2  | Reached skill level 11 in Invocations
 24428 | Snake:3  | Identified the +5 ring mail of Beogh's Generosity {rF+ MR-
                  | Stlth+} (You found it on level 3 of the Snake Pit)
 24469 | Snake:3  | Reached skill level 12 in Invocations
 24742 | Snake:4  | Entered Level 4 of the Snake Pit
 24742 | Snake:4  | Found Toapaheb's Magic Scroll Emporium.
 24821 | Snake:4  | Reached skill level 13 in Invocations
 25386 | Snake:4  | Reached skill level 14 in Invocations
 25509 | Snake:4  | Identified the cursed +3 rapier "Jips" {freeze, rC+ Str+2}
 25962 | Snake:3  | Noticed Roxanne
 26025 | Snake:3  | Killed Roxanne
 26025 | Snake:3  | Reached skill level 15 in Invocations
 26221 | Snake:3  | Noticed Vashnia
 26513 | Snake:3  | Killed Vashnia
 26513 | Snake:3  | Reached skill level 16 in Invocations
 26632 | Snake:3  | HP: 14/163 [shock serpent/bolt of electricity (7)]
 26968 | Snake:3  | Reached XP level 18. HP: 102/172 MP: 18/30
 27198 | Snake:4  | Reached skill level 17 in Invocations
 27672 | Snake:4  | Reached skill level 18 in Invocations
 28264 | Snake:4  | Got a serpentine rune of Zot
 28295 | Snake:4  | Reached skill level 19 in Invocations
 28428 | Snake:2  | Bought the ring of the Mage {Wiz MR++ Int+3} for 878 gold
                  | pieces
 28428 | Snake:2  | Found the ring of the Mage {Wiz MR++ Int+3}
 28428 | Snake:2  | Bought the ring "Jojootoh" {+Inv rElec EV+2 Stlth+} for 574
                  | gold pieces
 28771 | D:15     | Learned a level 4 spell: Force Lance
 28775 | D:15     | Learned a level 3 spell: Regeneration
 28777 | D:15     | Learned a level 1 spell: Infusion
 28908 | Elf:1    | Entered Level 1 of the Elven Halls
 29051 | Elf:1    | Identified Ollahukk's Compendium of Summoning
 29148 | Elf:1    | Reached skill level 22 in Axes
 29239 | Elf:1    | Found a ruined gateway.
 29254 | Desolati | Entered the Desolation of Salt
 29897 | Desolati | Reached skill level 20 in Invocations
 29897 | Desolati | Reached XP level 19. HP: 179/179 MP: 31/33
 29981 | Desolati | Found the +2 Maxwell's thermic engine {flame, freeze}
 30041 | Desolati | Identified the cursed +3 hand crossbow "Rucott" {venom,
                  | +Inv rPois rN+}
 30041 | Desolati | Identified the ring "Garihoh" {*Drain rPois Str+2 Int+3
                  | SInv}
 30067 | Desolati | Identified the Compendium of Earthen Orientation
 30154 | Desolati | Identified the cursed +0 ring mail "Jioshaimi" {Str+8} (You
                  | found it in the Desolation of Salt)
 30261 | Desolati | Reached skill level 1 in Charms
 30261 | Desolati | Reached skill level 1 in Necromancy
 30265 | Desolati | Reached skill level 2 in Spellcasting
 30341 | Desolati | Identified Sif Muna's Guide on the Snowflakes and the
                  | Escort
 30344 | Desolati | Got an ichor-stained leather armour
 30355 | Desolati | Identified the +1 leather armour of Locum {-Cast rC+ Int+4}
                  | (You found it in the Desolation of Salt)
 30436 | Desolati | Reached skill level 2 in Necromancy
 30489 | Desolati | Reached skill level 2 in Charms
 30533 | Elf:1    | Reached skill level 1 in Evocations
 30543 | Elf:1    | Found Izoskuawu's Antique Armour Boutique.
 31037 | Elf:1    | Reached skill level 2 in Evocations
 31117 | Elf:2    | Reached skill level 3 in Necromancy
 31123 | Elf:2    | Reached skill level 3 in Spellcasting
 31137 | Elf:2    | Reached skill level 3 in Charms
 31185 | Elf:2    | Reached skill level 3 in Evocations
 31336 | Elf:2    | Reached skill level 4 in Necromancy
 31426 | Elf:2    | Found a magical portal.
 31452 | Elf:2    | Reached skill level 4 in Charms
 31504 | WizLab   | Entered The Chambers of the Cloud Mage
 31554 | WizLab   | Reached skill level 4 in Evocations
 31877 | WizLab   | Reached skill level 1 in Earth Magic
 31952 | WizLab   | Reached skill level 5 in Necromancy
 31970 | WizLab   | Reached skill level 1 in Transmutations
 32003 | WizLab   | Noticed Lunuy
 32185 | WizLab   | Killed Lunuy the Cloud Mage
 32215 | WizLab   | Got a scorched leather armour
 32219 | WizLab   | Identified the Compendium of Air
 32253 | WizLab   | Identified a +0 pair of boots of running (You found it in a
                  | wizard's laboratory)
 32254 | WizLab   | Identified the +0 leather armour "Qubeq Nyn" {rElec rPois
                  | Int-2} (You found it in a wizard's laboratory)
 32390 | Elf:2    | Reached skill level 5 in Charms
 32390 | Elf:2    | Reached skill level 5 in Evocations
 32605 | D:15     | Learned a level 2 spell: Song of Slaying
 32836 | Elf:2    | Reached skill level 2 in Earth Magic
 32906 | Elf:2    | Found a huge runed translucent gate.
 32906 | Elf:2    | Found a huge runed translucent gate.
 32906 | Elf:2    | Found a huge runed translucent gate.
 32906 | Elf:2    | Found a huge runed translucent gate.
 32906 | Elf:2    | Found a huge runed translucent gate.
 33096 | Elf:2    | Reached XP level 20. HP: 188/188 MP: 30/34
 33234 | Elf:2    | Noticed Donald
 33261 | Elf:2    | Killed Donald
 33709 | D:15     | Learned a level 3 spell: Spectral Weapon
 33941 | Swamp:1  | Entered Level 1 of the Swamp
 33970 | Swamp:1  | Reached skill level 3 in Earth Magic
 34000 | Swamp:2  | Noticed Kirke
 34010 | Swamp:2  | Killed Kirke
 34010 | Swamp:2  | Reached skill level 23 in Axes
 34072 | Swamp:3  | Noticed Louise
 34092 | Swamp:3  | Noticed Bai Suzhen
 34098 | Swamp:2  | Killed Louise
 34133 | Swamp:3  | Killed Bai Suzhen
 34221 | Swamp:4  | Entered Level 4 of the Swamp
 34246 | Swamp:4  | Reached skill level 4 in Spellcasting
 34568 | Swamp:4  | Reached skill level 21 in Invocations
 34701 | Swamp:4  | Reached skill level 19 in Fighting
 34925 | Swamp:4  | Got a decaying rune of Zot
 36030 | Swamp:1  | Reached XP level 21. HP: 199/199 MP: 32/35
 36047 | Swamp:1  | Found a runed translucent gate.
 36047 | Swamp:1  | Found a runed translucent gate.
 36047 | Swamp:1  | Found a runed translucent gate.
 36175 | Swamp:1  | Noticed Luthien's ghost (journeyman DEWz)
 36196 | Swamp:1  | Killed Luthien's ghost
 36206 | Swamp:1  | Identified the +2 cloak of Tomorrow {rElec rCorr MP+9} (You
                  | found it on level 1 of the Swamp)
 36887 | Elf:3    | Entered Level 3 of the Elven Halls
 37406 | Elf:3    | Reached skill level 24 in Axes
 37443 | Elf:3    | Reached skill level 22 in Invocations
 37460 | Elf:3    | Reached skill level 20 in Fighting
 37538 | Elf:3    | Identified the cursed +1 scale mail of Classification
                  | {rCorr} (You found it on level 3 of the Elven Halls)
 37576 | Elf:3    | Got a faintly glowing turquoise ring
 37618 | Elf:3    | Got a transparent platinum ring
 37630 | Elf:3    | Identified the ring "Ruwerreg" {MR+ SInv} (You found it on
                  | level 3 of the Elven Halls)
 37631 | Elf:3    | Identified the ring of Ruyled {+Fly EV+3 Dex+2} (You found
                  | it on level 3 of the Elven Halls)
 37692 | Elf:3    | Identified the +2 helmet "Iraelooh" {Regen+ Str+3 Slay-4}
                  | (You found it on level 3 of the Elven Halls)
 37719 | Elf:3    | Identified the +10 war axe "Latia" {venom, MP+9} (You found
                  | it on level 3 of the Elven Halls)
 37889 | Orc:2    | Bought a scroll of identify for 30 gold pieces
 37889 | Orc:2    | Bought a potion of might for 60 gold pieces
 37889 | Orc:2    | Bought a potion of cancellation for 120 gold pieces
 37889 | Orc:2    | Bought a potion of heal wounds for 75 gold pieces
 37890 | Orc:2    | Bought a potion of lignification for 54 gold pieces
 37890 | Orc:2    | Bought a potion of agility for 72 gold pieces
 37890 | Orc:2    | Bought a potion of heal wounds for 90 gold pieces
 37890 | Orc:2    | Bought a potion of curing for 54 gold pieces
 37890 | Orc:2    | Bought a potion of agility for 72 gold pieces
 37890 | Orc:2    | Bought a potion of flight for 54 gold pieces
 37890 | Orc:2    | Bought a potion of might for 72 gold pieces
 38061 | Vaults:1 | Entered Level 1 of the Vaults
 38167 | Vaults:1 | Reached skill level 21 in Fighting
 38458 | Vaults:3 | Reached skill level 22 in Fighting
 38534 | Vaults:3 | Noticed Xtahua
 38551 | Vaults:3 | Killed Xtahua
 38610 | Vaults:2 | Reached XP level 22. HP: 173/217 MP: 28/37
 38635 | Vaults:2 | Reached skill level 23 in Fighting
 38780 | Vaults:2 | Found a staircase to the Crypt.
 38788 | Vaults:2 | Reached skill level 6 in Charms
 38877 | Vaults:3 | Reached skill level 7 in Charms
 38916 | Vaults:3 | Noticed Mara
 38941 | Vaults:3 | Noticed glosham's illusion
 38961 | Vaults:3 | HP: 19/220 [Mara/bolt of fire (7)]
 38992 | Vaults:3 | Noticed glosham's illusion
 38997 | Vaults:3 | Killed Mara
 38997 | Vaults:3 | Reached skill level 8 in Charms
 39201 | Vaults:3 | Reached skill level 9 in Charms
 39320 | Vaults:3 | Noticed Margery
 39321 | Vaults:3 | Reached skill level 10 in Charms
 39340 | Vaults:3 | Killed Margery
 39406 | Vaults:3 | Reached skill level 11 in Charms
 39520 | Vaults:3 | Reached skill level 12 in Charms
 39596 | Vaults:3 | Reached skill level 13 in Charms
 40354 | Vaults:4 | Noticed Sojobo
 40408 | Vaults:4 | Killed Sojobo
 40408 | Vaults:4 | Reached XP level 23. HP: 227/227 MP: 30/38
 40493 | Vaults:4 | Found Qotutz's General Store.
 40499 | Vaults:4 | Bought a potion of heal wounds for 105 gold pieces
 40786 | Vaults:4 | Noticed Jory
 40808 | Vaults:4 | Killed Jory
 40808 | Vaults:4 | Reached skill level 25 in Axes
 40875 | Vaults:4 | Found a runed translucent gate.
 40875 | Vaults:4 | Found a runed translucent gate.
 40875 | Vaults:4 | Found a runed translucent gate.
 40875 | Vaults:4 | Noticed SlowGraham's ghost (legendary KoMo)
 40876 | Vaults:4 | Noticed tamionv's ghost (adept GrFi)
 40876 | Vaults:4 | Noticed Lianjan's ghost (adept GnWr)
 40877 | Vaults:4 | Noticed Xekamec's ghost (adept DEFE)
 40878 | Vaults:4 | Found the +7 great mace "Undeadhunter" {disrupt, rN+}
 41041 | Vaults:4 | Killed Xekamec's ghost
 41041 | Vaults:4 | Reached skill level 23 in Invocations
 41153 | Vaults:4 | Killed SlowGraham's ghost
 41169 | Vaults:4 | Killed tamionv's ghost
 41376 | Vaults:4 | Killed Lianjan's ghost
 42169 | Vaults:2 | Reached skill level 24 in Fighting
 42513 | Vaults:1 | Found an opulent altar of Gozag.
 42628 | D:15     | Learned a level 6 spell: Deflect Missiles
 42783 | Vaults:1 | Reached skill level 1 in Air Magic
 43160 | Vaults:5 | Entered Level 5 of the Vaults
 43166 | Vaults:5 | Reached skill level 2 in Air Magic
 43233 | Vaults:4 | Reached skill level 5 in Spellcasting
 43233 | Vaults:4 | Reached skill level 3 in Air Magic
 43243 | Vaults:4 | Reached XP level 24. HP: 238/238 MP: 35/38
 43269 | Vaults:5 | Noticed Mennas
 43273 | Vaults:4 | Reached skill level 4 in Air Magic
 43295 | Vaults:5 | Reached skill level 6 in Spellcasting
 43308 | Vaults:5 | Killed Mennas
 43308 | Vaults:5 | Reached skill level 5 in Air Magic
 43327 | Vaults:5 | Reached skill level 6 in Air Magic
 43373 | Vaults:5 | Found Ifauw's Food Shoppe.
 43424 | Vaults:5 | Identified the +0 pair of boots of Etiuc {Int+3 Stlth+}
                  | (You found it on level 5 of the Vaults)
 43428 | Vaults:5 | Identified Fisuygext's Handbook of Blistering Augmentations
 43520 | Vaults:5 | Reached skill level 26 in Axes
 43677 | Vaults:5 | Identified the ring "Qoty" {rElec MR++ Str-4 Stlth-}
 43838 | Vaults:5 | Reached skill level 25 in Fighting
 43848 | Vaults:5 | Got a silver rune of Zot
 43954 | Vaults:5 | Identified the cursed +0 ring mail "Qaadgh" {rF- rCorr
                  | Str+4} (You found it on level 5 of the Vaults)
 44138 | Vaults:5 | Reached XP level 25. HP: 249/249 MP: 38/38
 44193 | Vaults:5 | Identified the ring of Ybbuw {rCorr rC+ rN+}
 44379 | Vaults:5 | Identified the +9 morningstar of Conscience {venom, *Noise
                  | *Drain rPois Str+8}
 44430 | Vaults:5 | Reached skill level 27 in Axes
 44488 | Vaults:5 | Found the +8 arc blade {discharge, rElec}
 44519 | Vaults:5 | Found Mumeoret's Assorted Antiques.
 45016 | Snake:4  | Bought a scroll of enchant armour for 127 gold pieces
 45016 | Snake:4  | Bought a scroll of identify for 34 gold pieces
 45017 | Snake:4  | Bought a scroll of acquirement for 884 gold pieces
 45018 | Snake:4  | Found the +8 frozen axe "Frostbite" {freezing cloud, *Noise
                  | +Fly rC+}
 45271 | Depths:1 | Entered Level 1 of the Depths
 45286 | Depths:1 | Found a runed translucent gate.
 45286 | Depths:1 | Found a runed translucent gate.
 45286 | Depths:1 | Found a runed translucent gate.
 45370 | Depths:1 | Reached skill level 12 in Armour
 45603 | Depths:1 | Reached skill level 8 in Dodging
 46062 | Depths:2 | Reached skill level 13 in Armour
 46120 | Depths:2 | Found a one-way gate to the infinite horrors of the Abyss.
 46138 | Depths:2 | Reached skill level 9 in Dodging
 46159 | Depths:2 | Found a gateway to a ziggurat.
 46847 | Depths:4 | Reached XP level 26. HP: 260/260 MP: 34/38
 46854 | Depths:4 | Reached skill level 14 in Armour
 46878 | Depths:4 | Reached skill level 26 in Fighting
 46925 | Depths:5 | Entered Level 5 of the Depths
 46925 | Depths:5 | Found Mommagha's Antique Weapon Shoppe.
 46933 | Depths:5 | Reached skill level 10 in Dodging
 46938 | Depths:5 | Identified the +4 scale mail of the Sturgeon {-Tele rF+
                  | rN+} (You found it on level 5 of the Depths)
 46990 | Depths:5 | Noticed a juggernaut
 47001 | Depths:5 | Killed a juggernaut
 47178 | Depths:5 | Reached skill level 15 in Armour
 47187 | Depths:5 | Reached skill level 11 in Dodging
 47394 | Depths:4 | Found the +27 Lear's hauberk
 47423 | Depths:4 | Noticed a juggernaut
 47438 | Depths:4 | Killed a juggernaut
 47779 | Depths:4 | Reached skill level 16 in Armour
 47886 | Depths:5 | Reached XP level 27. HP: 271/271 MP: 38/38
 47945 | Depths:5 | Reached skill level 27 in Fighting
 47967 | Depths:5 | Reached skill level 12 in Dodging
 48069 | Depths:5 | Found a one-way gate leading to the halls of Pandemonium.
 48141 | Depths:5 | Found a gate to the Realm of Zot.
 48584 | D:15     | Learned a level 5 spell: Aura of Abjuration
 48587 | D:15     | Upgraded the game from 0.23.1 to 0.23.1-38-g628c18f
 48587 | D:15     | Upgraded the game from 0.23.1-38-g628c18f to
                  | 0.23.2-40-g277498a001
 48587 | D:15     | Quit the game

Skill      XL: |  1  2  3  4  5  6  7  8  9 10 11 12 13 14 15 16 17 18 19 20 21 22 23 24 25 26 27 |
---------------+----------------------------------------------------------------------------------+-----
Fighting       | 2 4 6 8 9 10 11 13 15 16 18 19 22 23 24 25 26 27 | 27.0
Axes           | 2 3 6 8 10 12 14 15 16 18 19 20 21 22 23 24 25 26 27 | 27.0
Armour         | 1 6 7 9 10 11 13 16 | 16.4
Translocations | 3 5 7 9 11 | 11.6
Dodging        | 4 6 7 9 11 12 | 12.1
Invocations    | 9 16 20 21 22 23 | 23.5
Charms         | 5 13 | 13.3
Necromancy     | 5 |  5.0
Spellcasting   | 3 4 5 6 |  6.0
Evocations     | 5 |  5.0
Earth Magic    | 2 3 |  3.0
Transmutations | 1 |  1.0
Air Magic      | 3 6 |  6.0
Stealth        | |  1.5
Conjurations   | |  4.0

Action                   |  1- 3 |  4- 6 |  7- 9 | 10-12 | 13-15 | 16-18 | 19-21 | 22-24 | 25-27 || total
-------------------------+-------+-------+-------+-------+-------+-------+-------+-------+-------++-------
Melee: Club              |     7 |       |       |       |       |       |       |       |       ||     7
       Hand axe          |    59 |     5 |    67 |    16 |   114 |       |       |       |       ||   261
       Scythe            |       |    72 |    67 |       |       |       |       |       |       ||   139
       Trident           |       |       |   131 |   754 |  1428 |       |       |       |       ||  2313
       Battleaxe         |       |       |       |    48 |   277 |  1441 |  1381 |  1265 |   112 ||  4524
       Great mace        |       |       |       |    18 |       |       |       |       |       ||    18
       Executioner's axe |       |       |       |       |       |       |       |       |   702 ||   702
 Fire: Hunting sling     |       |       |     7 |       |    17 |       |       |       |       ||    24
       Fustibalus        |       |       |       |       |     6 |    15 |     1 |       |       ||    22
Throw: Tomahawk          |       |       |    25 |       |       |       |       |       |       ||    25
 Cast: Magic Dart        |    29 |    13 |    11 |     8 |     2 |     9 |     8 |       |       ||    80
       Searing Ray       |     5 |    14 |    20 |     9 |     3 |       |       |       |       ||    51
       Conjure Flame     |       |       |     1 |     2 |       |       |       |       |       ||     3
       Blink             |       |       |       |     2 |       |     1 |     4 |     2 |     1 ||    10
       Shroud of Golubri |       |       |       |       |     1 |       |    10 |     6 |     6 ||    23
       Apportation       |       |       |       |       |       |    60 |    93 |    66 |    68 ||   287
       Regeneration      |       |       |       |       |       |       |    38 |    23 |    10 ||    71
       Passwall          |       |       |       |       |       |       |     8 |       |    10 ||    18
       Passage of Golubr |       |       |       |       |       |       |    38 |    45 |    19 ||   102
       Infusion          |       |       |       |       |       |       |     7 |    10 |     9 ||    26
       Song of Slaying   |       |       |       |       |       |       |     2 |     3 |     2 ||     7
       Deflect Missiles  |       |       |       |       |       |       |       |     2 |     4 ||     6
Invok: Lesser Servant of |       |       |       |       |     1 |       |       |       |       ||     1
       Greater Servant o |       |       |       |       |       |     1 |     4 |     1 |       ||     6
       Major Destruction |       |       |       |       |       |     1 |     1 |       |     3 ||     5
 Abil: Evoke Berserk Rag |       |       |       |     5 |     2 |       |       |       |       ||     7
       Evoke Flight      |       |       |       |       |       |     1 |    17 |       |     1 ||    19
       Stop Flying       |       |       |       |       |       |       |     4 |       |       ||     4
       Evoke Invisibilit |       |       |       |       |       |       |     1 |       |       ||     1
Evoke: Wand              |       |       |       |    14 |    32 |     5 |    12 |     7 |     9 ||    79
       Phantom mirror    |       |       |       |       |       |       |     1 |       |       ||     1
  Use: Scroll            |     3 |     3 |    15 |    13 |    18 |    11 |    20 |     6 |    11 ||   100
       Potion            |       |       |       |     3 |     7 |     1 |     4 |    19 |     3 ||    37
 Stab: Sleeping          |       |       |     1 |     1 |       |     1 |       |       |       ||     3
       Paralysed         |       |       |       |     1 |     6 |       |       |       |       ||     7
       Distracted        |       |       |       |       |     2 |       |     4 |     1 |       ||     7
       Invisible         |       |       |       |       |     1 |     2 |     5 |       |       ||     8
       Betrayed ally     |       |       |       |       |     1 |       |       |       |       ||     1
       Confused          |       |       |       |       |       |       |     2 |     2 |       ||     4
  Eat: Chunk             |     1 |     5 |    13 |    20 |    32 |    12 |    34 |    21 |    12 ||   150
       Ration            |       |       |       |     2 |     1 |     7 |     3 |     3 |     3 ||    19
Armor: Robe              |     4 |       |       |       |       |       |       |       |       ||     4
       Leather armour    |    21 |    26 |    74 |    18 |       |       |       |       |       ||   139
       Chain mail        |       |       |       |   212 |   481 |   599 |    25 |       |       ||  1317
       Plate armour      |       |       |       |   103 |       |       |       |       |       ||   103
       Skin              |       |       |       |    19 |    18 |     1 |       |       |       ||    38
       Scale mail        |       |       |       |    10 |       |       |       |       |       ||    10
       Troll leather arm |       |       |       |     2 |     8 |    26 |       |       |       ||    36
       Ice dragon scales |       |       |       |     1 |    42 |       |       |       |       ||    43
       Quicksilver drago |       |       |       |       |       |       |   576 |   613 |    61 ||  1250
       Fire dragon scale |       |       |       |       |       |       |       |       |   464 ||   464
Dodge: Dodged            |    48 |    59 |   117 |   311 |   672 |   528 |   681 |   678 |   576 ||  3670
       Deflected         |       |       |       |       |       |       |       |     4 |    19 ||    23

Table legend:
 A = Turns spent in this place as a percentage of turns spent in the entire game.
 B = Non-inter-level travel turns spent in this place as a percentage of non-inter-level travel turns spent in the entire game.
 C = Inter-level travel turns spent in this place as a percentage of turns spent in this place.
 D = Turns resting spent in this place as a percentage of non-inter-level travel turns spent in this place.
 E = Turns spent auto-exploring this place as a percentage of non-inter-level travel turns spent in this place.
 F = Non-inter-level travel turns spent in this place divided by the number of levels of this place that you've seen.
                   A       B       C       D       E      F
               +-------+-------+-------+-------+-------+----------------------
         Total | 100.0 | 100.0 |  11.4 |   4.0 |   1.3 | 878.7
       Dungeon |  30.0 |  28.0 |  17.1 |   1.4 |   1.8 | 804.5
          Lair |  13.8 |  13.1 |  16.2 |   3.7 |   0.0 | 937.7
         Swamp |   5.2 |   5.9 |   0.3 |   0.0 |   5.1 | 630.8
     Snake Pit |  13.2 |  13.6 |   8.9 |  10.7 |   1.4 | 1465.8
  Orcish Mines |   4.4 |   3.8 |  22.5 |   9.3 |   0.0 | 820.0
   Elven Halls |   6.7 |   6.7 |  11.8 |   0.8 |   1.6 | 957.0
        Vaults |  13.4 |  14.0 |   6.9 |   3.8 |   1.2 | 1209.4
        Depths |   6.8 |   7.5 |   2.2 |   1.9 |   0.0 | 645.2
        Bailey |   0.6 |   0.6 |   0.0 |   0.0 |   0.0 | 275.0
      Ice Cave |   1.4 |   1.5 |   0.0 |   9.2 |   0.0 | 661.0
       Volcano |   0.3 |   0.4 |   0.0 |   0.0 |   0.0 | 159.0
        Wizlab |   1.7 |   1.9 |   0.0 |  20.6 |   0.0 | 835.0
    Desolation |   2.6 |   2.9 |   0.0 |   0.6 |   0.0 | 1262.0
               +-------+-------+-------+-------+-------+----------------------

Table legend:
 A = Kills in this place as a percentage of kills in entire the game.
 B = Kills by you in this place as a percentage of kills by you in the entire game.
 C = Kills by friends in this place as a percentage of kills by friends in the entire game.
 D = Other kills in this place as a percentage of other kills in the entire game.
 E = Experience gained in this place as a percentage of experience gained in the entire game.
 F = Experience gained in this place divided by the number of levels of this place that you have seen.
                   A       B       C       D       E      F
               +-------+-------+-------+-------+-------+----------------------
         Total | 100.0 | 100.0 | 100.0 | 100.0 | 100.0 | 26176.7
       Dungeon |  24.7 |  24.8 |  14.3 |   0.0 |   6.5 | 5523.8
          Lair |   7.2 |   7.2 |   0.0 |   0.0 |   4.0 | 8555.0
         Swamp |   7.5 |   7.5 |   0.0 |  16.7 |   7.0 | 22421.5
     Snake Pit |   9.4 |   9.3 |  42.9 |   0.0 |   9.8 | 31436.2
  Orcish Mines |   3.5 |   3.5 |   0.0 |   0.0 |   1.2 | 7676.5
   Elven Halls |   6.7 |   6.5 |  42.9 |  16.7 |   9.5 | 40659.3
        Vaults |  21.7 |  21.7 |   0.0 |  16.7 |  34.6 | 88634.2
        Depths |  12.6 |  12.6 |   0.0 |  16.7 |  22.3 | 57273.2
        Bailey |   1.1 |   1.1 |   0.0 |   0.0 |   0.1 | 945.0
      Ice Cave |   0.9 |   0.9 |   0.0 |   0.0 |   0.4 | 5427.0
       Volcano |   0.2 |   0.2 |   0.0 |   0.0 |   0.1 | 1235.0
        Wizlab |   1.4 |   1.3 |   0.0 |  33.3 |   1.5 | 18955.0
    Desolation |   3.3 |   3.3 |   0.0 |   0.0 |   3.1 | 39612.0
               +-------+-------+-------+-------+-------+----------------------

Levels and vault maps discovered:
D:1:      minmay_arrival_diagonal_passages, layout_loops_ring,
          grunt_decor_arrowhead, minivault_14
D:2:      kennysheep_the_goblin_king, layout_basic, grunt_gozag_breadcrumbs,
          first_ration, uniq_sigmund, uniq_jessica
D:3:      layout_rooms, old_standard_altar, minmay_overflow_temple_star_quad
D:4:      layout_basic, grunt_dithmenos_smoke_and_mirrors, uniq_grinder
D:5:      minmay_inner_zag, layout_basic, old_standard_altar,
          lemuel_round_altar, nicolae_overflow_hidden_temple,
          minmay_temple_entry_mist
D:6:      layout_basic, elyvilon_altar_3, overflow_temple_1_default
D:7:      layout_loops_corners, kennysheep_mini_moat,
          hellmonk_ghost_happy_afterlife, serial_shops, shop,
          minmay_manual_monstrance, uniq_crazy_yiuf_cottage
D:8:      layout_loops_ring
D:9:      layout_irregular_city, kennysheep_little_box, david_lair_shrubbed,
          ebering_ghost_reflecting_pool
D:10:     layout_roguey, enter_bailey_2, hangedman_ranch
          [blue_anna_fruit_fields], kennysheep_donut
D:11:     layout_small_grid, trog_wizard
D:12:     layout_small_grid, david_orc_3, uniq_nergalle
D:13:     minmay_the_grid_triangle_9x9_rhombus_thin
          [minmay_the_grid_triangle_9x9_semitri,
          minmay_the_grid_triangle_9x9_prize_insulated,
          minmay_the_grid_triangle_9x9_limited_checkers,
          minmay_the_grid_triangle_9x9_negative_grid], layout_stronghold,
          serial_column_ruins, column_ruins_hut_ruined,
          column_ruins_corridor_corner, column_ruins_columns_straight,
          column_ruins_open_tiny, column_ruins_open_medium, column_ruins_grid_1,
          column_ruins_grid_1, minmay_misc_feat_plants, drop_trap
D:14:     layout_cave_pods, lightli_vaults_fourway_checkpoint,
          serial_bayou_crossing
D:15:     gammafunk_enter_depths_forms, layout_cave_pools, minivault_14,
          ebering_ghost_funeral_grove
Lair:1:   layout_cave_pods, enter_volcano_4, lemuel_fruit_tree,
          grunt_megastairs_1
Lair:2:   layout_roguey, serial_forest, infiniplex_forest_end_3,
          infiniplex_forest_diagonal, infiniplex_forest_end_1,
          infiniplex_forest_corner_1, infiniplex_forest_lined_2,
          infiniplex_forest_clump_medium, infiniplex_forest_lined_room_,
          infiniplex_forest_end_2
Lair:3:   layout_loops_ring, guppyfry_snake_entry_garden, portal_ice_cave_rime,
          nzn_random_ring
Lair:4:   layout_layer_cave, minmay_swamp_entry_worms
Lair:5:   layout_cave_pods, beast_lair_carwin_4
Lair:6:   evil_forest, layout_gridlike, minmay_slime_entry_oklob_enclosed,
          basic_altar, columned_hall_lemuel, uniq_urug
Swamp:1:  layout_falls_marsh, gammafunk_ghost_necromancy,
          evilmike_swamp_ruin_house_1
Swamp:2:  layout_basic_swamp, nicolae_swamp_very_dense_foliage,
          infiniplex_staircase_pool, uniq_kirke
Swamp:3:  layout_basic_swamp, evilmike_swamp_ruin_house_3, uniq_louise,
          uniq_bai_suzhen
Swamp:4:  swamp_alternative, layout_basic_swamp
Snake:1:  layout_layer_cave, serial_shops,
          nicolae_shop_competitors_out_of_business,
          nrook_guardian_serpent_ordinary, minmay_shop_grove, uniq_aizul,
          uniq_josephine
Snake:2:  layout_layer_cave, drop_trap, minmay_shoptagon, grunt_megastairs_4,
          serial_bayou_shore_a
Snake:3:  layout_grid_maze, uniq_roxanne, uniq_vashnia
Snake:4:  snake_pit, layout_cave_town, serial_shops, nicolae_shop_waterfront
Orc:1:    layout_caves
Orc:2:    grunt_orc_tribal_feast, layout_caves, ebering_ghost_disaster_area,
          nicolae_orc_damp_corner
Elf:1:    elf_arrival_001, layout_loops_corners, serial_shops,
          nicolae_shop_statue_plus, portal_desolation_entry_salt,
          minmay_elf_demonology
Elf:2:    layout_geoelf_grid, lightli_enter_wizlab_magi_temple,
          grunt_ministairs_9, corexii_leaking_fountain, due_unseen_surprise,
          uniq_donald
Elf:3:    minmay_elf_hall_dome, layout_gridlike
Vaults:1: v_misc_27, v_pattern_1, grunt_vaults_diagonal,
          nicolae_vaults_little_squares_4, grunt_vaults_swirl,
          nicolae_vaults_little_squares_1, vaults_mumra_chevron_long,
          nicolae_vaults_hallways_thing, vaults_room_grid,
          ontoclasm_vaults_chip, layout_vaults_maze_snakey, basic_altar
Vaults:2: minmay_crypt_entry_simple_plaza, nicolae_vaults_network_periphery,
          vaults_mumra_hex, ontoclasm_vaults_ligature, nicolae_vaults_alarming,
          nicolae_vaults_little_ls, nicolae_vaults_puzzle_piece,
          hangedman_vaults_locks, v_alt_pattern_5,
          nicolae_vaults_little_squares_2, vaults_room_fancy_cross,
          layout_vaults_ring
Vaults:3: nicolae_vaults_ninety_degrees, vaults_room_door_ring,
          vaults_room_grid, nicolae_vaults_windows_and_doors_thing,
          vaults_room_ringed_pool, nicolae_vaults_sealed_display,
          nicolae_vaults_holding_cells, vaults_standard_mumra_lines,
          vaults_dpeg_ring, vaults_dpeg_spiral, v_misc_13,
          layout_vaults_omnicross, uniq_mara, uniq_xtahua, uniq_margery
Vaults:4: gammafunk_vaults_ghost_cemetery, vaults_room_pools,
          ontoclasm_vaults_twist, vaults_standard_mumra_enter_the_diamond,
          nicolae_vaults_little_squares_6, ontoclasm_vaults_fault, v_pattern_5,
          vaults_room_fancy_cross, v_misc_30, layout_vaults_omnigrid,
          serial_shops, shop, uniq_sojobo, uniq_jory
Vaults:5: serial_shops, uniq_mennas
Depths:1: layout_cave_shapes, hell_entry, kennysheep_another_room,
          pandoras_box_mu, roderic_lattice_octagonal_star
Depths:2: cheibrodos_quadrivalence, layout_gridlike, enter_ziggurat_e,
          serial_bayou_pond_d, hellmouth_1, abyss_entry,
          infiniplex_staircase_zigzag_4
Depths:3: minmay_textured_paths, layout_basic, pan_entry,
          minmay_staircase_windowed_large, serial_shops, shop, hell_entry
Depths:4: hangedman_cross_cluster, layout_cave_pools, hell_entry,
          abyss_entry_small_statue_room, chequers_serial_rivers_micro_d,
          kennysheep_generic_room_4
Depths:5: grunt_x_marks_the_spot, layout_small_grid,
          hangedman_abyss_or_decor_slice, rand_demon_pan_entry_4, hell_entry,
          serial_shops, shop
Bailey:   bailey_axe_4, bailey
IceCv:    ice_cave_small_dragons
Volcano:  volcano_overflow
WizLab:   wizlab_cloud
Desolation
